 Dungeon Crawl Stone Soup version 0.22-a0-422-g9628fc8 (webtiles) character file.

22 Mgcat the Digger (level 2, 0/15 HPs)
             Began as a Deep Elf Earth Elementalist on May 20, 2018.
             Slain by a dart slug (2 damage)
             ... on level 1 of the Dungeon.
             The game lasted 00:01:17 (1033 turns).

Mgcat the Digger (Deep Elf Earth Elementalist)      Turns: 1033, Time: 00:01:17

Health: 0/15       AC:  2    Str:  5    XL:     2   Next: 68%
Magic:  8/8        EV: 13    Int: 19    God:
Gold:   24         SH:  0    Dex: 15    Spells: 7/8 levels left

rFire    . . .     SeeInvis .   f - +0 hand axe
rCold    . . .     Gourm    .   (no shield)
rNeg     . . .     Faith    .   c - +0 robe
rPois    .         Spirit   .   (no helmet)
rElec    .         Reflect  .   (no cloak)
rCorr    .         Harm     +   (no gloves)
MR       .....                  (no boots)
Stlth    ++........             g - amulet of harm
HPRegen  0.05/turn              (no ring)
MPRegen  0.11/turn              (no ring)

@: no status effects
A: no striking features
a: no special abilities


You were on level 1 of the Dungeon.
You were not hungry.

You visited 1 branch of the dungeon, and saw 1 of its levels.

You collected 24 gold pieces.

Inventory:

Hand Weapons
 f - a +0 hand axe (weapon)
   (You found it on level 1 of the Dungeon)
Missiles
 b - 27 stones (quivered)
Armour
 c - a +0 robe (worn)
Jewellery
 g - an amulet of harm (around neck)
   (You found it on level 1 of the Dungeon)
Scrolls
 h - a scroll of random uselessness {unknown}
 i - a scroll of amnesia {unknown}
Potions
 e - a potion of might {unknown}
 j - a potion of curing {unknown}
 k - a potion of heal wounds {unknown}
Comestibles
 a - a chunk of flesh {@w0}
 d - a ration


   Skills:
 - Level 2.4 Dodging
 - Level 2.4 Stealth
 + Level 3.9 Spellcasting
   Level 1.1 Transmutations
 + Level 3.9 Earth Magic


You had 7 spell levels left.
You knew the following spells:

 Your Spells              Type           Power        Failure   Level  Hunger
a - Sandblast             Erth           ###...       2%          1    None

Your spell library contained the following spells:

 Spells                   Type           Power        Failure   Level  Hunger
 Stone Arrow              Conj/Erth      ##....       19%         3    ###....
 Passwall                 Tmut/Erth      ##........   8%          2    ##.....
 Lee's Rapid Deconstruct  Erth           ###.......   58%         5    ######.
 Petrify                  Tmut/Erth      ##......     43%         4    ####...


Dungeon Overview and Level Annotations

Branches:
Dungeon (1/15)

Altars:


Message History

All of the chunks of flesh in your inventory have rotted away.
An ooze comes into view.
The helpless ooze fails to defend itself.
You hit the ooze.
The ooze is heavily wounded.
The ooze closely misses you. The ooze hits you.
You hit the ooze.
The ooze is almost dead.
The ooze hits you.
You hit the ooze.
You kill the ooze!
No target in view!
No target in view!
A frilled lizard comes into view.
A frilled lizard is nearby!
The frilled lizard barely misses you.
You hit the frilled lizard.
You kill the frilled lizard!
No target in view!
No target in view!
No target in view!
You butcher the frilled lizard corpse.
a - a chunk of flesh {@w0} You see here a frilled lizard skeleton. x2
A hobgoblin comes into view.
The hobgoblin shouts!
A hobgoblin is nearby!
A rat comes into view.
You slash the hobgoblin!
You kill the hobgoblin!
You closely miss the rat. The rat closely misses you.
You hit the rat.
The rat is severely wounded.
The rat bites you.
You are too injured to fight recklessly!
You are too injured to fight recklessly!
You are too injured to fight recklessly!
You are too injured to fight recklessly!
You are too injured to fight recklessly!
You hit the rat but do no damage.
The rat is moderately wounded.
The rat closely misses you. The rat misses you.
You hit the rat.
The rat is severely wounded.
The rat bites you.
You closely miss the rat.
The rat is severely wounded.
The rat bites you.
You hit the rat.
You kill the rat!
You now have 24 gold pieces (gained 10).
There is a stone staircase leading down here.
You open the door.
There is an open door here.
There is an open door here.
There is an open door here.
You open the door.
A hobgoblin comes into view. It is wielding a club.
The hobgoblin shouts!
A hobgoblin is nearby!
A dart slug comes into view.
There is an open door here.
The hobgoblin hits you with a club.
You hit the hobgoblin but do no damage.
A frilled lizard comes into view.
The hobgoblin misses you.
The frilled lizard hisses angrily.
You hit the hobgoblin.
The hobgoblin is heavily wounded.
The hobgoblin hits you with a club.
You are too injured to fight recklessly!
You are too injured to fight recklessly!
You are too injured to fight recklessly!
You are too injured to fight recklessly!
There is an open door here.
You hit the hobgoblin.
You kill the hobgoblin!
You see here a club.
You completely miss the dart slug. You hit the dart slug.
The dart slug is lightly wounded.
The dart slug launches a dart at you. The slug dart hits you!
* * * LOW HITPOINT WARNING * * *
You hit the dart slug.
The dart slug is moderately wounded.
You hit the frilled lizard.
You kill the frilled lizard!
The dart slug bites you.
* * * LOW HITPOINT WARNING * * *
You hit the dart slug.
The dart slug is heavily wounded.
The dart slug closely misses you.
You hit the dart slug.
The dart slug is almost dead.
The dart slug closely misses you.
You barely miss the dart slug.
The dart slug is almost dead.
The dart slug bites you.
You die...

......#...# #.....###...
......#...# ......%....
......#...## #..........
...........#####..l.......
..............##..........
#####.........##........#
# #.........##........#
#####.........####'######
..............'.@w.#
#####.........###.##
###### ## #.........# #..#
#..... .#
##....###.####.#### #.####
.# #.#### #.#§≈≈§§§≈###
#.#... .# #.#
#.§.≈§≈≈§§'.# #.#.## .#
#.# ######≈.§...§#.#
#.#... .# #.#
#....#≈≈.<.§§#.# #.#### .#
#.# #....#≈.....≈#.# #.#


You could see a dart slug.

Vanquished Creatures
  An ooze (D:1)
  A giant cockroach (D:1)
  4 hobgoblins (D:1)
  4 jackals (D:1)
  A bat (D:1)
  3 frilled lizards (D:1)
  3 rats (D:1)
17 creatures vanquished.

Notes
Turn   | Place    | Note
-------+----------+-------------------------------------------
     0 | D:1      | Mgcat the Deep Elf Earth Elementalist began the quest for the Orb.
     0 | D:1      | Reached XP level 1. HP: 10/10 MP: 6/6
   128 | D:1      | HP: 2/10 [jackal (1)]
   367 | D:1      | Reached XP level 2. HP: 9/15 MP: 5/8
  1029 | D:1      | HP: 3/15 [dart slug/slug dart (6)]
  1033 | D:1      | Slain by a dart slug

Vault maps used:
D:1:      ncdulo_lavacross

Action                   || total
-------------------------++-------
Melee: Hand axe          ||    69
 Cast: Sandblast         ||     3
 Stab: Sleeping          ||     2
Armor: Robe              ||    11
Dodge: Dodged            ||    61

Table legend:
 A = Spawn XP
 B = Non-spawn XP
 C = Spawn XP percentage of total XP
 D = Spawn monster count
 E = Non-spawn monster count
 F = Spawn count percentage of total count
 G = Total turns spent on level
                    A         B        C        D         E        F      G
               +---------+---------+-------+---------+---------+-------+---------
         Total |       0 |      32 |   0.0 |       0 |      17 |   0.0 |  1033
               +---------+---------+-------+---------+---------+-------+---------
           D:1 |       0 |      32 |   0.0 |       0 |      17 |   0.0 |  1033
               +---------+---------+-------+---------+---------+-------+---------

Vault maps used:
D:1:      ncdulo_lavacross

Table legend:
 A = Turns spent in this place as a percentage of turns spent in the entire game.
 B = Non-inter-level travel turns spent in this place as a percentage of non-inter-level travel turns spent in the entire game.
 C = Inter-level travel turns spent in this place as a percentage of turns spent in this place.
 D = Turns resting spent in this place as a percentage of non-inter-level travel turns spent in this place.
 E = Turns spent auto-exploring this place as a percentage of non-inter-level travel turns spent in this place.
 F = Non-inter-level travel turns spent in this place divided by the number of levels of this place that you've seen.
                   A       B       C       D       E      F
               +-------+-------+-------+-------+-------+----------------------
         Total | 100.0 | 100.0 |   0.0 |   0.0 |  86.7 | 1033.0
       Dungeon | 100.0 | 100.0 |   0.0 |   0.0 |  86.7 | 1033.0
               +-------+-------+-------+-------+-------+----------------------

Table legend:
 A = Kills in this place as a percentage of kills in entire the game.
 B = Kills by you in this place as a percentage of kills by you in the entire game.
 C = Kills by friends in this place as a percentage of kills by friends in the entire game.
 D = Other kills in this place as a percentage of other kills in the entire game.
 E = Experience gained in this place as a percentage of experience gained in the entire game.
 F = Experience gained in this place divided by the number of levels of this place that you have seen.
                   A       B       C       D       E      F
               +-------+-------+-------+-------+-------+----------------------
         Total | 100.0 | 100.0 |   N/A |   N/A | 100.0 |  32.0
       Dungeon | 100.0 | 100.0 |   N/A |   N/A | 100.0 |  32.0
               +-------+-------+-------+-------+-------+----------------------
